 Dungeon Crawl Stone Soup version 0.31-a0-819-gf6de2f5ab6 (webtiles) character file.

Game seed: 11543952368653984527

499 qw the Shooter (level 7, -3/43 HPs)
             Began as a Gargoyle Hunter on Sept 23, 2023.
             Slain by a gnoll sergeant
             ... wielding a +1 spear of venom
              (8 damage)
             ... on level 4 of the Dungeon.
             The game lasted 00:01:11 (2381 turns).

qw the Shooter (Gargoyle Hunter)                    Turns: 2381, Time: 00:01:12

Health: -3/43      AC: 11    Str: 14    XL:     7   Next: 16%
Magic:  7/7        EV: 10    Int: 10    God:
Gold:   57         SH:  0    Dex: 15    Spells: 6/6 levels left

rFire   . . .        Y - +0 shortbow
rCold   . . .        (shield currently unavailable)
rNeg    + . .        f - +0 ring mail
rPois   inf          (no helmet)
rElec   +            h - +0 cloak
rCorr   .            (no gloves)
SInv    .            (no boots)
Will    .....        (no amulet)
Stlth   +            (no ring)
HPRegen 0.27/turn    (no ring)
MPRegen 0.10/turn

%: no passive effects
@: no status effects
A: sickness immunity, AC +4, negative energy resistance 1, electricity
resistance, torment resistance 1, petrification resistance
a: no special abilities


You were on level 4 of the Dungeon.
You visited 1 branch of the dungeon, and saw 4 of its levels.

You collected 155 gold pieces.
You spent 98 gold pieces at shops.


Innate Abilities, Weirdness & Mutations

You are immune to sickness and miasma.
Your stone body is resilient. (AC +4)
You are immune to poison.
You resist negative energy. (rN+)
You are resistant to electric shocks. (rElec)
You are resistant to unholy torment.
You are immune to petrification.


   Skills:
 - Level 4.2 Fighting
 + Level 7.5 Ranged Weapons
 - Level 1.0 Armour
 - Level 1.5 Dodging
 - Level 1.1 Stealth


You had 6 spell levels left.
You didn't know any spells.
Your spell library was empty.

Inventory:

Hand Weapons
 Y - a +0 shortbow (weapon)
Armour
 f - a +0 ring mail (worn)
 h - a +0 cloak (worn)
Scrolls
 a - 5 scrolls of identify
Potions
 g - a potion of curing

Dungeon Overview and Level Annotations

Branches:
Dungeon (4/15)
 Temple: D:4-7

Altars:
Ru

Shops:
D:2 ?:=![


Message History

You shoot an arrow. The arrow closely misses the adder.
The adder bites you but does no damage.
You shoot an arrow. The arrow completely misses the adder.
The gnoll sergeant barely misses you. The adder bites you but does no damage.
The gnoll sergeant closely misses you. The adder bites you but does no damage.
You shoot an arrow. The arrow barely misses the adder.
The adder bites you. The gnoll sergeant closely misses you.
You shoot an arrow. The arrow hits the adder!
You kill the adder!
The gnoll sergeant hits you but does no damage.
You shoot an arrow.
The arrow hits the gnoll sergeant but does no damage.
The gnoll sergeant is lightly wounded.
The gnoll sergeant closely misses you.
You shoot an arrow. The arrow hits the gnoll sergeant.
The gnoll sergeant is lightly wounded.
The gnoll sergeant hits you from afar with a +1 spear of venom.
You shoot an arrow.
The arrow hits the gnoll sergeant but does no damage.
The gnoll sergeant is lightly wounded.
The gnoll sergeant hits you from afar with a +1 spear of venom.
You shoot an arrow. The arrow hits the gnoll sergeant.
The gnoll sergeant is lightly wounded.
The gnoll sergeant closely misses you.
You shoot an arrow.
The arrow closely misses the gnoll sergeant.
The gnoll sergeant hits you from afar with a +1 spear of venom.
You shoot an arrow.
The arrow barely misses the gnoll sergeant.
The gnoll sergeant hits you from afar with a +1 spear of venom! x2
You shoot an arrow. The arrow hits the gnoll sergeant.
The gnoll sergeant is moderately wounded.
The gnoll sergeant hits you from afar with a +1 spear of venom.
You shoot an arrow.
The arrow barely misses the gnoll sergeant.
The gnoll sergeant hits you from afar with a +1 spear of venom!
You shoot an arrow. The arrow hits the gnoll sergeant.
The gnoll sergeant is heavily wounded.
The gnoll sergeant hits you from afar with a +1 spear of venom!
You die...

###### # ..... .#
.##.#### ..# .......##
###..# .##<#>..### .....
#..#..#...# <..
?.......#<########g##..#
........#.......@%.....#
##...#..##########.#...#
###.##..# .# ## #
#.##..# .# ###%##..# .#
....##..# .. ######..#
.. # .... .. # ....


You could see a gnoll sergeant.

Vanquished Creatures
  Grinder (D:3)
  A phantom (D:3)
  A howler monkey (D:4)
  An orc wizard (D:3)
  3 gnolls (D:4)
  5 adders
  3 worms
  4 dart slugs
  An orc (D:2)
  5 endoplasms
  2 giant cockroaches
  7 goblins
  6 hobgoblins
  7 jackals
  3 quokkas
  9 ball pythons
  3 bats
  2 frilled lizards
  5 kobolds
  10 rats
79 creatures vanquished.

Notes
Turn   | Place    | Note
-------+----------+-------------------------------------------
     0 | D:1      | qw the Gargoyle Hunter began the quest for the Orb.
     0 | D:1      | Reached XP level 1. HP: 12/12 MP: 1/1
     0 | D:1      | 0 ||| qw: Version: 0.3-a-83-gcd0e7d8
     0 | D:1      | 0 ||| qw: Game counter: 1519
     0 | D:1      | 0 ||| qw: Melee chars always use a shield: true
     0 | D:1      | 0 ||| qw: God list: Okawaru
     0 | D:1      | 0 ||| qw: Allow faded altars: false
     0 | D:1      | 0 ||| qw: Do Orc after clearing Dungeon:15 true
     0 | D:1      | 0 ||| qw: Do second Lair branch before Depths: true
     0 | D:1      | 0 ||| qw: Lair rune preference: random
     0 | D:1      | 0 ||| qw: Goals: Normal
     0 | D:1      | 0 ||| PLANNING D:1-11
    91 | D:1      | Reached XP level 2. HP: 13/17 MP: 2/2
   361 | D:1      | Reached XP level 3. HP: 21/21 MP: 3/3
   542 | D:1      | Reached skill level 5 in Ranged Weapons
   700 | D:1      | 700 ||| UPGRADING to +0 ring mail.
   710 | D:1      | 710 ||| DROPPING +0 leather armour.
   711 | D:1      | 711 ||| UPGRADING to +0 cloak.
   716 | D:1      | 716 ||| READING scroll labelled HIODOI XIMA.
   717 | D:1      | 717 ||| READING scroll labelled FUERYS FACAHYE.
   718 | D:1      | 718 ||| READING scroll labelled ASENEN SOIKK.
   719 | D:1      | 719 ||| DROPPING scroll of butterflies.
   755 | D:2      | Found Noovigyc's Distillery.
   755 | D:2      | Found Foecoak's Antique Armour Shoppe.
   781 | D:2      | 781 ||| SHOPLISTING dyed leather armour (100 gold, have
                  | 72).
   781 | D:2      | 781 ||| SHOPLISTING glowing scarf (160 gold, have 72).
   781 | D:2      | 781 ||| SHOPLISTING runed robe (74 gold, have 72).
   781 | D:2      | 781 ||| SHOPLISTING slimy helmet (190 gold, have 72).
   788 | D:2      | 788 ||| SHOPLISTING potion of haste (100 gold, have 72).
   788 | D:2      | 788 ||| SHOPLISTING potion of mutation (80 gold, have 72).
   796 | D:2      | 796 ||| FLEEEEING.
   797 | D:2      | 797 ||| FLEEEEING.
   798 | D:2      | 798 ||| FLEEEEING.
   799 | D:2      | 799 ||| FLEEEEING.
   889 | D:2      | Identified the +9 rapier "Spiderslayer" {freeze, rF+ rN+
                  | MP-9}
   939 | D:2      | Found Ruuhi's Book Shop.
   942 | D:2      | Found Ymeudgh's Magic Scroll Boutique.
   944 | D:2      | Reached skill level 1 in Armour
   950 | D:2      | 950 ||| DROPPING ring of flight.
   954 | D:2      | 954 ||| SHOPLISTING scroll of enchant armour (105 gold,
                  | have 100).
   954 | D:2      | 954 ||| BUYING scroll of identify (28 gold).
   954 | D:2      | Bought a scroll of identify for 28 gold pieces
   954 | D:2      | 954 ||| BUYING scroll of identify (28 gold).
   954 | D:2      | Bought a scroll of identify for 28 gold pieces
   954 | D:2      | 954 ||| BUYING scroll of teleportation (42 gold).
   954 | D:2      | Bought a scroll of teleportation for 42 gold pieces
   964 | D:2      | Found Meiveuze's Jewellery Emporium.
   979 | D:2      | 979 ||| SHOPLISTING +6 ring of dexterity (432 gold, have
                  | 2).
   979 | D:2      | 979 ||| SHOPLISTING amulet of the Air {Inacc Air Fly rElec
                  | RMsl} (451 gold, have 2).
   979 | D:2      | 979 ||| SHOPLISTING amulet of the acrobat (360 gold, have
                  | 2).
   979 | D:2      | 979 ||| SHOPLISTING ring "Sizyicoc" {Fly rPois Str+2
                  | Slay+3} (546 gold, have 2).
   979 | D:2      | 979 ||| SHOPLISTING ring of ice (300 gold, have 2).
   979 | D:2      | 979 ||| SHOPLISTING ring of resist corrosion (240 gold,
                  | have 2).
  1105 | D:2      | Reached XP level 4. HP: 27/27 MP: 4/4
  1186 | D:2      | 1186 ||| READING scroll labelled WUREXKAFEU.
  1187 | D:2      | 1187 ||| DRINKING 2 murky blue potions.
  1204 | D:3      | 1204 ||| STAIRDANCE
  1214 | D:2      | Reached skill level 3 in Fighting
  1249 | D:3      | Found a sacrificial altar of Ru.
  1309 | D:3      | Reached XP level 5. HP: 30/32 MP: 5/5
  1352 | D:3      | Found a faded altar of an unknown god.
  1400 | D:3      | Noticed Grinder
  1422 | D:3      | Killed Grinder
  1423 | D:3      | Reached skill level 7 in Ranged Weapons
  1423 | D:3      | Reached XP level 6. HP: 36/37 MP: 6/6
  1944 | D:3      | 1944 ||| DROPPING +6 ring of intelligence.
  1945 | D:3      | 1945 ||| READING scroll labelled FULUCO UHAAFEKH.
  1956 | D:4      | 1956 ||| STAIRDANCE
  1995 | D:4      | 1995 ||| STAIRDANCE
  2050 | D:4      | Reached XP level 7. HP: 43/43 MP: 7/7
  2059 | D:4      | 2059 ||| Stepping ~*~*~tactically~*~*~ (retreating).
  2062 | D:4      | HP: 10/43 [gnoll sergeant/+1 spear of venom (8)]
  2063 | D:4      | 2063 ||| READING 2 scrolls of teleportation.
  2071 | D:4      | 2071 ||| READING scroll of teleportation.
  2072 | D:4      | 2072 ||| FLEEEEING.
  2073 | D:4      | 2073 ||| STAIRDANCE
  2366 | D:4      | 2366 ||| Stepping ~*~*~tactically~*~*~ (retreating).
  2380 | D:4      | HP: 5/43 [gnoll sergeant/+1 spear of venom (8)]
  2381 | D:4      | Slain by a gnoll sergeant

Levels and vault maps discovered:
D:1:      elethiomel_arrival_diamonds, layout_basic
D:2:      layout_rooms, serial_shops, shop, nicolae_shop_advertising_works
          [nicolae_subvault_shop_adworks], nicolae_shop_tiny_glass, shop, shop
D:3:      layout_loops_ring, nicolae_ru_great_annihilating_truth,
          ebering_ecumenical_altar_abandoned, minmay_misc_feat_four_crosses,
          uniq_grinder
D:4:      layout_loops_ring, lemuel_coloured_pillars_altar, nicolae_half_adder

Skill      XL: |  1  2  3  4  5  6 |
---------------+-------------------+-----
Ranged Weapons | 5 7 |  7.5
Armour         | 1 |  1.0
Fighting       | 3 4 |  4.2
Dodging        | |  1.5
Stealth        | |  1.1

Action                     |  1- 3 |  4- 6 |  7- 9 || total
---------------------------+-------+-------+-------++-------
   Fire: Shortbow          |   112 |   149 |    52 ||   313
    Use: Scroll            |     3 |     2 |     2 ||     7
         Potion            |       |     1 |       ||     1
 Armour: Leather armour    |    12 |       |       ||    12
         Ring mail         |    10 |    80 |    43 ||   133
  Dodge: Dodged            |    23 |    53 |    21 ||    97

Table legend:
 A = Non-vault XP
 B = Vault XP
 C = Vault XP percentage of total XP
 D = Non-vault monster count
 E = Vault monster count
 F = Vault count percentage of total count
                 A         B        C        D         E       F
            +---------+---------+-------+---------+---------+-------
      Total |     385 |     329 |  46.1 |      67 |      12 |  15.2
            +---------+---------+-------+---------+---------+-------
        D:1 |      34 |       8 |  19.0 |      19 |       7 |  26.9
        D:2 |      55 |       0 |   0.0 |      16 |       0 |   0.0
        D:3 |     179 |     321 |  64.2 |      22 |       5 |  18.5
        D:4 |     117 |       0 |   0.0 |      10 |       0 |   0.0
            +---------+---------+-------+---------+---------+-------
